 Dungeon Crawl Stone Soup version 0.17-a0-1572-g7a1422d (webtiles) character file.

1349 Promi the Sneak (level 8, -3/42 HPs)
             Began as a Spriggan Artificer on July 25, 2015.
             Was a Follower of Nemelex Xobeh.
             Killed from afar by an orc wizard (7 damage)
             ... with a magic dart
             ... on level 7 of the Dungeon.
             The game lasted 00:35:05 (8180 turns).

Promi the Sneak (Spriggan Artificer)                Turns: 8180, Time: 00:35:05

Health: -3/42      AC:  4    Str:  7    XL:     8   Next: 36%
Magic:  0/14       EV: 23    Int: 13    God:    Nemelex Xobeh [*.....]
Gold:   223        SH:  0    Dex: 19    Spells: 0 memorised, 7 levels left

rFire  . . .     SeeInvis +     a - +1 short sword
rCold  . . .     Clarity  +     b - +1 robe
rNeg   . . .     SustAt   .     (shield restricted)
rPois  .         Gourm    .     (helmet restricted)
rElec  .         Spirit   +     H - +0 cloak
rCorr  .         Warding  .     (gloves unavailable)
rMut   .         Stasis   .     (boots unavailable)
MR     +....                    i - amulet of guardian spirit
Stlth  ++++......               (no ring)
                                I - ring of see invisible

@: very quick, somewhat resistant to hostile enchantments, stealthy
A: unfitting armour, see invisible, clarity, herbivore 3, speed 3, slow
metabolism 2
a: Renounce Religion


You were on level 7 of the Dungeon.
You worshipped Nemelex Xobeh.
Nemelex Xobeh was aware of your devotion.
You were not hungry.

You visited 2 branches of the dungeon, and saw 8 of its levels.

You collected 313 gold pieces.
You spent 90 gold pieces at shops.

Inventory:

Hand weapons
 a - a +1 short sword (weapon)
 s - a +0 arbalest
 C - a +2 dagger of chaos
 F - a +0 short sword
Armour
 b - a +1 robe (worn)
 H - a +0 cloak (worn)
Jewellery
 h - an uncursed amulet of faith
 i - an amulet of guardian spirit (around neck)
 k - an uncursed amulet of warding {unknown}
 I - a ring of see invisible (left hand)
Magical devices
 c - a wand of flame (7)
 d - a wand of enslavement (13)
 e - a wand of random effects (5)
 r - a wand of lightning (9)
 v - a wand of paralysis (15)
 z - a wand of disintegration (0)
 G - a wand of frost (5)
Scrolls
 g - a scroll of remove curse
 j - 2 scrolls of teleportation
 o - 4 scrolls of enchant armour
 w - 2 scrolls of random uselessness
 E - 2 scrolls of identify
Potions
 l - 4 potions of heal wounds {unknown}
 n - 2 potions of resistance {unknown}
 p - 2 potions of poison {unknown}
 q - a potion of degeneration {unknown}
 u - a potion of agility {unknown}
 x - a potion of brilliance {unknown}
 A - 2 potions of invisibility
 D - a potion of lignification {unknown}
Books
 y - a book of Fire

   Spells                             Type                      Level
   a - Ignite Poison                  Fire/Transmutation/Poison    3
   b - Fireball                       Conjuration/Fire             5
   c - Bolt of Fire                   Conjuration/Fire             6
   d - Delayed Fireball               Conjuration/Fire             7
   e - Ring of Flames                 Charms/Fire                  7
Miscellaneous
 B - an ornate deck of escape
Comestibles
 f - 2 bread rations
 m - a royal jelly
 t - a slice of pizza


   Skills:
 + Level 3.7 Fighting
 + Level 4.9 Short Blades
 + Level 7.1 Dodging
 + Level 7.6 Stealth
 + Level 7.0 Evocations


You had 7 spell levels left.
You didn't know any spells.

Dungeon Overview and Level Annotations

Branches:
Dungeon (7/15)             Temple (1/1) D:5

Altars:
Ashenzari
Cheibriados
Dithmenos
Elyvilon
Fedhas
Gozag
Kikubaaqudgha
Nemelex Xobeh
Okawaru
Qazlal
Ru
Trog
Vehumet
Xom
Yredelemnul
Zin
The Shining One

Shops:
D:5 =*

Annotations:
D:4 Eustachio


Innate Abilities, Weirdness & Mutations

You are tiny and cannot use many weapons and most armour.
You have supernaturally acute eyesight.
You are a herbivore.
You cover ground extremely quickly.
You need consume almost no food.
You possess an exceptional clarity of mind.


Message History

Things that are here:
a war axe; a leather armour You hit the orc wizard.
The orc wizard is severely wounded.
The orc wizard points at you and mumbles some strange words.
The magic dart hits you!
* * * LOW HITPOINT WARNING * * *
You hit the orc wizard.
The orc wizard is severely wounded.
The orc wizard gestures wildly while chanting.
The orc wizard seems to speed up.
You hit the orc wizard but do no damage.
The orc wizard is severely wounded.
The orc wizard gestures at you while chanting.
The magic dart hits you!
* * * LOW HITPOINT WARNING * * *
The orc wizard casts a spell at you. The magic dart hits you!
You die...
Your body disappears without a glow.

#.# #.#
#.######.
#...?....
#......
#....
#.o########
#).#......#
#.@#.####.#
#..#.####.#
#..#.#<...#
#..#.######
#.........#
#..#.####.#
##.#.#
#.#.# #.#..


You could see an orc wizard.

Vanquished Creatures
  Sigmund (D:6)
  An ice beast (D:7)
  3 ogres
  3 centaurs (D:5)
  3 scorpions
  A giant frog skeleton (D:6)
  Jessica (D:2)
  An orc priest (D:5)
  5 worker ants
  10 gnolls
  10 adders
  An adder zombie (D:6)
  A worm (D:5)
  4 giant geckos
  10 orcs
  A ball python (D:3)
  2 bat zombies (D:6)
  8 giant cockroaches
  9 hobgoblins
  6 jackals
  7 kobolds
  A ball python skeleton (D:4)
  7 bats
  5 giant newts
  7 goblins
  A jackal skeleton (D:5)
  2 quokkas (D:5)
  2 quokka skeletons
  14 rats
127 creatures vanquished.

Vanquished Creatures (others)
  An orc (D:3)
1 creature vanquished.

Grand Total: 128 creatures vanquished

Notes
Turn   | Place    | Note
--------------------------------------------------------------
     0 | D:1      | Promi the Spriggan Artificer began the quest for the Orb.
     0 | D:1      | Reached XP level 1. HP: 9/9 MP: 4/4
   122 | D:1      | Reached XP level 2. HP: 4/14 MP: 6/6
   495 | D:1      | Reached skill level 1 in Fighting
  1190 | D:2      | Found a radiant altar of Vehumet.
  1282 | D:2      | Found an opulent altar of Gozag.
  1282 | D:2      | Found a white marble altar of Elyvilon.
  1527 | D:2      | Noticed Jessica
  1535 | D:2      | Killed Jessica
  1535 | D:2      | Reached XP level 3. HP: 18/18 MP: 7/7
  1904 | D:3      | Reached XP level 4. HP: 20/22 MP: 8/8
  2156 | D:3      | Found a blossoming altar of Fedhas.
  2456 | D:4      | Noticed Eustachio
  2634 | D:4      | Noticed an ogre
  2642 | D:4      | Killed an ogre
  2642 | D:4      | Reached XP level 5. HP: 20/26 MP: 9/9
  3000 | D:5      | Entered Level 5 of the Dungeon
  3272 | D:5      | Found Road's Jewellery Boutique.
  3284 | D:5      | Noticed a centaur
  3308 | D:5      | Killed a centaur
  3308 | D:5      | Reached skill level 5 in Evocations
  3308 | D:5      | Reached XP level 6. HP: 3/30 MP: 3/10
  3774 | D:5      | Reached skill level 5 in Stealth
  3970 | D:5      | Noticed a centaur
  4320 | D:5      | Killed a centaur
  4320 | D:5      | Reached skill level 5 in Dodging
  4352 | D:5      | Noticed a centaur
  4371 | D:5      | Killed a centaur
  4388 | D:5      | Reached XP level 7. HP: 12/35 MP: 1/12
  4410 | D:5      | Found a shimmering altar of Xom.
  4994 | D:5      | Reached skill level 6 in Stealth
  5307 | D:5      | Found a staircase to the Ecumenical Temple.
  5316 | Temple   | Entered the Ecumenical Temple
  5324 | Temple   | Became a worshipper of Nemelex Xobeh the Trickster
  5327 | Temple   | Received a gift from Nemelex Xobeh
  5996 | D:5      | Found Borr's Assorted Antiques.
  5998 | D:5      | Bought a moonstone ring for 90 gold pieces
  6376 | D:5      | Gained mutation: You possess an exceptional clarity of mind. [potion of beneficial mutation]
  6488 | D:6      | Noticed Sigmund
  6499 | D:6      | Killed Sigmund
  6735 | D:6      | Reached skill level 7 in Stealth
  6735 | D:6      | Reached XP level 8. HP: 26/40 MP: 7/13
  6909 | D:6      | Received a gift from Nemelex Xobeh
  7565 | D:6      | Found a snail-covered altar of Cheibriados.
  8180 | D:7      | Killed from afar by an orc wizard

Vault maps used:
D:1:      erik_arrival_triangle_medium
D:2:      fiery_altar_vehumet, gammafunk_temple_overflow_elements, uniq_jessica
D:3:      fedhas_altar_2
D:4:      uniq_eustachio
D:5:      minmay_temple_entry_fiery, serial_shops, shop_fountains,
          nicolae_shop_trees, first_bread, tgw_xom
D:6:      nicolae_overflow_hidden_temple, uniq_sigmund
D:7:      led_sif_pool, uniq_pikel
Temple:   triangle_lava_temple_12

Action                   |  1- 3 |  4- 6 |  7- 9 || total
-------------------------+-------+-------+-------++-------
Melee: Short sword       |   109 |   247 |   255 ||   611
Evoke: Wand              |     3 |     1 |    19 ||    23
       Deck              |       |       |     5 ||     5
  Use: Scroll            |       |       |    10 ||    10
       Potion            |       |       |     1 ||     1
 Stab: Sleeping          |    10 |    12 |    17 ||    39
       Distracted        |       |     1 |     1 ||     2
  Eat: Bread ration      |       |       |     1 ||     1
